 Dungeon Crawl Stone Soup version 0.30.1-9-gdf580d7c3d (webtiles) character file.

Game seed: 13043736547179677318

25 Atelerd the Digger (level 3, -2/21 HPs)
             Began as an Octopode Earth Elementalist on Sept 25, 2023.
             Slain by a kobold
             ... wielding a +0 dagger
              (3 damage)
             ... on level 1 of the Dungeon.
             The game lasted 00:00:45 (532 turns).

Atelerd the Digger (Octopode Earth Elementalist)     Turns: 532, Time: 00:00:45

Health: -2/21      AC:  2    Str:  4 (7)  XL:     3   Next: 6%
Magic:  0/6        EV: 13    Int: 18 (19) God:
Gold:   5          SH:  0    Dex: 11 (12) Spells: 6/7 levels left

rFire   . . .        (no weapon)
rCold   . . .        (no shield)
rNeg    . . .        b - +1 hat
rPois   .            (no amulet)
rElec   .            (no ring)
rCorr   .            (no ring)
SInv    .            (no ring)
Will    .....        (no ring)
Stlth   +++          (no ring)
HPRegen 0.23/turn    (no ring)
MPRegen 0.10/turn    (no ring)
                     (no ring)

%: no passive effects
@: no status effects
A: almost no armour, amphibious, 8 rings, camouflage 1, gelatinous body 1,
(nimble swimmer 1), tentacles
a: no special abilities


You were on level 1 of the Dungeon.
You visited 1 branch of the dungeon, and saw 1 of its levels.

You collected 5 gold pieces.

Inventory:

Armour
 b - a +1 hat (worn)
Scrolls
 d - a scroll of fog {unknown}
 e - a scroll of magic mapping {unknown}
Potions
 a - a potion of magic


   Skills:
 + Level 0.1 Fighting
 - Level 2.0 Dodging
 - Level 2.6 Stealth
 + Level 0.2 Unarmed Combat
 + Level 2.6 Spellcasting
 + Level 1.0 Transmutations
 + Level 3.5 Earth Magic


You had 6 spell levels left.
You knew the following spells:

 Your Spells              Type           Power      Damage    Failure   Level
a - Sandblast             Erth           30%        2d9       4%          1

Your spell library contained the following spells:

 Spells                   Type           Power      Damage    Failure   Level
 Passwall                 Tmut/Erth      8%         N/A       10%         2
 Stone Arrow              Conj/Erth      16%        3d8       24%         3
 Petrify                  Tmut/Erth      10%        N/A       54%         4


Dungeon Overview and Level Annotations

Branches:
Dungeon (1/15)

Altars:


Innate Abilities, Weirdness & Mutations

You cannot wear most types of armour.
You are amphibious.
You can wear up to eight rings at the same time.
Your skin changes colour to match your surroundings (Stealth+).
Your rubbery body absorbs attacks. (AC +1, EV +1)
((You are camouflaged when in or above water. (Stealth+)))
You have tentacles for arms and can constrict up to eight enemies at once.


Message History

The bat hits you but does no damage. The bat hits you.
* * * LOW HITPOINT WARNING * * *
The bat attacks as you move away! The bat closely misses you.
The bat barely misses you.
Casting: Sandblast (safe; 4% risk of failure)
Confirm with . or Enter, or press ? or * to list all spells.
Aiming: Sandblast (safe; 4% risk of failure)
Press: ? - help, Shift-Dir - straight line, f - giant cockroach
Aim: a giant cockroach (82% to hit)
The blast of sand hits the giant cockroach.
You kill the giant cockroach!
The bat hits you but does no damage. The kobold hits you but does no damage.
The bat closely misses you.
You see here 8 gold pieces.
The kobold attacks as you move away! The kobold hits you with a +0 dagger.
* * * LOW HITPOINT WARNING * * *
The bat hits you.
* * * LOW HITPOINT WARNING * * *
Casting: Sandblast (safe; 4% risk of failure)
Confirm with . or Enter, or press ? or * to list all spells.
You don't have enough magic to cast this spell.
You tentacle-slap the kobold but do no damage.
Your grab misses the kobold. The bat completely misses you.
The kobold misses you.
Unknown command.
You closely miss the kobold. Your grab misses the kobold.
Your squeeze misses the kobold. The bat hits you but does no damage.
The kobold closely misses you.
Unknown command.
You tentacle-slap the kobold but do no damage.
You grab the kobold. You constrict the kobold. The bat barely misses you.
The kobold hits you with a +0 dagger.
* * * LOW HITPOINT WARNING * * *
Unknown command.
You tentacle-slap the kobold but do no damage.
The kobold is moderately wounded.
You constrict the kobold. The bat barely misses you.
The kobold hits you with a +0 dagger.
You die...

#....###########+##..
####.................
#..............#..
#.................
#.................
#.................
#.................
#K$....... .......
#@........ .(.....
#..b...... .......
#......... .....##
#......... .......
#......... ....###
#......... ......
#......... .###
#########


You could see a bat and a kobold.

Vanquished Creatures
  5 endoplasms (D:1)
  A giant cockroach (D:1)
  A goblin (D:1)
  A hobgoblin (D:1)
  4 kobolds (D:1)
  4 ball pythons (D:1)
  6 bats (D:1)
  A frilled lizard (D:1)
23 creatures vanquished.

Notes
Turn   | Place    | Note
-------+----------+-------------------------------------------
     0 | D:1      | Atelerd the Octopode Earth Elementalist began the quest for
                  | the Orb.
     0 | D:1      | Reached XP level 1. HP: 11/11 MP: 3/3
   141 | D:1      | Reached XP level 2. HP: 17/17 MP: 3/5
   364 | D:1      | Found a faded altar of an unknown god.
   522 | D:1      | Reached XP level 3. HP: 4/21 MP: 0/6
   531 | D:1      | HP: 1/21 [kobold/+0 dagger (2)]
   532 | D:1      | Slain by a kobold

Illustrated notes

Levels and vault maps discovered:
D:1:      enne_arrival_octagon_isle, layout_basic,
          shapermc_ecumenical_altar_petra

Action                     || total
---------------------------++-------
  Melee: Unarmed           ||    25
         Constrict         ||     3
         Punch             ||     1
         Tentacles         ||     1
   Cast: Sandblast         ||    24
    Use: Potion            ||     1
   Stab: Sleeping          ||     1
 Armour: Skin              ||    11
  Dodge: Dodged            ||    35
